 Dungeon Crawl Stone Soup version 0.30.1-11-g7821555f0a (webtiles) character file.

Game seed: 15200912239562734585

2346 booth the Cleaver (level 9, -2/83 HPs)
             Began as a Minotaur Fighter on Dec 10, 2023.
             Slain by a gnoll sergeant
             ... wielding a +4 vampiric spear
              (9 damage)
             ... on level 6 of the Dungeon.
             The game lasted 00:37:34 (5921 turns).

booth the Cleaver (Minotaur Fighter)                Turns: 5921, Time: 00:37:35

Health: -2/83      AC:  9    Str: 24    XL:     9   Next: 20%
Magic:  8/8        EV:  8    Int:  7    God:
Gold:   663        SH:  9    Dex:  9    Spells: 8/8 levels left

rFire   . . .        a - +1 war axe
rCold   . . .        p - +1 kite shield
rNeg    . . .        b - +1 scale mail
rPois   +            (helmet restricted)
rElec   .            (no cloak)
rCorr   .            x - +0 pair of gloves
SInv    .            (no boots)
Will    .....        A - amulet of the acrobat Stlth
                     k - ring of poison resistance
HPRegen 0.33/turn    (no ring)
MPRegen 0.11/turn

%: acrobat
@: invisible
A: horns 2, retaliatory headbutt
a: no special abilities


You were on level 6 of the Dungeon.
You visited 1 branch of the dungeon, and saw 6 of its levels.
You also visited: Ossuary.

You collected 663 gold pieces.

Inventory:

Hand Weapons
 a - a +1 war axe (weapon)
 q - a +0 mace
Missiles
 l - 22 poisoned darts
 n - 10 boomerangs (quivered)
Armour
 b - a +1 scale mail (worn)
 p - a +1 kite shield (worn)
 x - a +0 pair of gloves (worn)
Jewellery
 j - an amulet of faith
 k - a ring of poison resistance (left hand)
 A - an amulet of the acrobat (around neck)
 D - a ring of fire
Wands
 i - a wand of paralysis (17)
 B - a wand of flame (4)
 C - a wand of light (5)
Scrolls
 f - a scroll of amnesia
 t - 3 scrolls of teleportation
 u - a scroll of poison
 y - a scroll of fog
 E - a scroll of identify
Potions
 c - a potion of invisibility
 d - 2 potions of might
 e - a potion of brilliance
 g - 3 potions of lignification
 h - a potion of flight
 m - a potion of mutation
 o - 4 potions of attraction
 r - 2 potions of ambrosia
 s - a potion of magic
 v - a potion of cancellation
 z - a potion of heal wounds {unknown}


   Skills:
 + Level 9.0 Fighting
 + Level 11.0 Axes
 + Level 3.2 Throwing
 + Level 5.5 Armour
 - Level 3.6 Shields


You had 8 spell levels left.
You didn't know any spells.
Your spell library contained the following spells:

 Spells                   Type           Power      Damage    Failure   Level
 Inner Flame              Hex/Fire       0%         N/A       100%        3
 Flame Wave               Conj/Fire      0%         2d4       100%        4
 Sticky Flame             Conj/Fire      0%         2d3       100%        4


Dungeon Overview and Level Annotations

Branches:
Dungeon (6/15)            Ossuary (visited)
 Temple: D:4-7

Altars:
Fedhas
Vehumet
Yredelemnul

Annotations:
D:4 3 runed translucent doors, RancidPinata's ghost, amateur GrGl; Rune1994's ghost, novice DsFi; bmb222's ghost, weakling DsDe; chicagocrazy's ghost, novice VSBr
D:6 3 runed translucent doors, Selrock's ghost, novice DsGl; anacleto's ghost, novice DrRe


Innate Abilities, Weirdness & Mutations

You have a pair of horns on your head.
You reflexively headbutt those who attack you in melee.


Message History

* * * LOW HITPOINT WARNING * * *
You block the gnoll sergeant's attack.
Things that are here:
a +0 club; a +0 club; a gnoll corpse You hit the gnoll but do no damage.
The gnoll sergeant blocks your attack. You block the gnoll's attack.
You block the gnoll sergeant's attack.
You hit the gnoll.
The gnoll is moderately wounded.
You hit the gnoll sergeant. You block the gnoll's attack.
The gnoll sergeant hits you with a +4 vampiric spear!
* * * LOW HITPOINT WARNING * * *
The gnoll sergeant draws strength from your wounds!
You barely miss the gnoll. Your headbutt misses the gnoll.
The gnoll is moderately wounded.
You hit the gnoll sergeant. You block the gnoll's attack.
The gnoll sergeant hits you with a +4 vampiric spear!
* * * LOW HITPOINT WARNING * * *
The gnoll sergeant draws strength from your wounds!
You feel better. The gnoll hits you with a +0 spear.
* * * LOW HITPOINT WARNING * * *
The gnoll sergeant closely misses you.
You slice the gnoll!!
You kill the gnoll!
The gnoll sergeant blocks your attack.
The gnoll sergeant hits you with a +4 vampiric spear.
* * * LOW HITPOINT WARNING * * *
The gnoll sergeant draws strength from your wounds!
You slash the gnoll sergeant! You headbutt the gnoll sergeant.
The gnoll sergeant is almost dead.
You block the gnoll sergeant's attack.
You hit the gnoll sergeant.
Your headbutt misses the gnoll sergeant.
The gnoll sergeant is almost dead.
The gnoll sergeant hits you with a +4 vampiric spear.
* * * LOW HITPOINT WARNING * * *
The gnoll sergeant draws strength from your wounds!
Okay, then.
You fade into invisibility!
The gnoll sergeant hits you with a +4 vampiric spear!
You die...

##############################
............#.................
............#.................
............#.................
............#..g...)..>.......
............#..(@).)..........
#)##.#########+######[†.......
#.##.####..###...####....#####
........................#.#
.....................c.#.#.#
.......................##.#$#
...................##..# #$#$#
...................##5.# #!#.
##'####..####.####+##..# #.#


You could see a gnoll sergeant (unable to see you).

Vanquished Creatures
  A troll (D:5)
  Grinder (D:6)
  A steam dragon (D:6)
  3 black bears
  An ogre (D:6)
  A centaur (D:6)
  2 phantoms (D:5)
  A kobold brigand (D:5)
  Blork the orc (D:5)
  A bullfrog (D:6)
  A howler monkey (D:6)
  5 hounds
  2 centaur zombies (Ossuary)
  3 human zombies (Ossuary)
  5 jellies
  2 orc priests
  3 iguanas
  Ijyb (D:5)
  2 orc wizards
  5 mummies
  9 gnolls
  4 adders
  A white imp (D:6)
  2 worms (D:2)
  3 dart slugs
  15 orcs
  8 endoplasms
  4 giant cockroaches
  5 goblins
  8 hobgoblins
  10 jackals
  25 kobolds
  3 quokkas (D:3)
  8 ball pythons
  4 bats
  3 frilled lizards
  A goblin zombie (D:4)
  A hobgoblin zombie (Ossuary)
  A kobold zombie (D:4)
  2 orc zombies (Ossuary)
  2 rats (D:1)
161 creatures vanquished.

Notes
Turn   | Place    | Note
-------+----------+-------------------------------------------
     0 | D:1      | booth the Minotaur Fighter began the quest for the Orb.
     0 | D:1      | Reached XP level 1. HP: 19/19 MP: 0/0
   124 | D:1      | Reached skill level 3 in Axes
   139 | D:1      | Reached XP level 2. HP: 27/27 MP: 1/1
  1130 | D:2      | Reached XP level 3. HP: 21/33 MP: 2/2
  1188 | D:2      | Identified the +3 robe of the Other World {Rampage rF++}
  1530 | D:2      | Reached skill level 4 in Axes
  1571 | D:2      | Reached XP level 4. HP: 24/41 MP: 3/3
  2149 | D:3      | Found a blossoming altar of Fedhas.
  2149 | D:3      | Found a radiant altar of Vehumet.
  2368 | D:3      | Reached skill level 5 in Axes
  2571 | D:3      | Reached XP level 5. HP: 47/47 MP: 4/4
  2806 | D:4      | Reached skill level 5 in Fighting
  3023 | D:4      | Noticed a black bear
  3034 | D:4      | Killed a black bear
  3035 | D:4      | Reached skill level 6 in Axes
  3035 | D:4      | Reached XP level 6. HP: 35/56 MP: 5/5
  3147 | D:4      | Found a sand-covered staircase.
  3185 | Ossuary  | Entered an ossuary
  3241 | Ossuary  | Reached skill level 7 in Axes
  3537 | D:4      | Found a runed translucent gate.
  3537 | D:4      | Found a runed translucent gate.
  3537 | D:4      | Found a runed translucent gate.
  3539 | D:4      | Noticed Rune1994's ghost (novice DsFi)
  3539 | D:4      | Noticed bmb222's ghost (weakling DsDe)
  3540 | D:4      | Noticed chicagocrazy's ghost (novice VSBr)
  3540 | D:4      | Noticed RancidPinata's ghost (amateur GrGl)
  3574 | D:4      | Reached XP level 7. HP: 60/63 MP: 6/6
  3621 | D:4      | Found a basalt altar of Yredelemnul.
  3876 | D:4      | Reached skill level 8 in Axes
  4140 | D:5      | Entered Level 5 of the Dungeon
  4219 | D:5      | Noticed a troll
  4231 | D:5      | Killed a troll
  4232 | D:5      | Reached skill level 9 in Axes
  4469 | D:5      | Noticed Ijyb
  4477 | D:5      | Reached XP level 8. HP: 54/73 MP: 7/7
  4484 | D:5      | Killed Ijyb
  4614 | D:5      | Noticed Blork the orc
  4624 | D:5      | Killed Blork the orc
  4733 | D:5      | Reached skill level 10 in Axes
  5036 | D:5      | Reached skill level 1 in Throwing
  5074 | D:5      | Identified a scroll of acquirement
  5079 | D:5      | Acquired 401 gold pieces
  5683 | D:6      | Found a runed translucent gate.
  5684 | D:6      | Found a runed translucent gate.
  5686 | D:6      | Found a runed translucent gate.
  5705 | D:6      | Noticed anacleto's ghost (novice DrRe)
  5706 | D:6      | Noticed Selrock's ghost (novice DsGl)
  5859 | D:6      | Reached skill level 5 in Armour
  5859 | D:6      | Reached XP level 9. HP: 58/82 MP: 8/8
  5859 | D:6      | Noticed Grinder
  5872 | D:6      | Killed Grinder
  5873 | D:6      | Reached skill level 11 in Axes
  5916 | D:6      | HP: 4/83 [gnoll sergeant/+4 vampiric spear (8)]
  5921 | D:6      | Slain by a gnoll sergeant

Illustrated notes

Levels and vault maps discovered:
D:1:      minmay_arrival_hallway, layout_basic
D:2:      layout_basic, serial_co_window_serial, co_window_paths_a,
          co_window_of_opportunity_a, co_window_corner_a, co_window_corner_a,
          co_window_paths_b, co_window_corner_a, co_window_paths_a,
          co_window_corner_b, co_window_broadway_b, co_window_unsneaky_path_c,
          co_window_corner_b, co_window_cross_4, glass_columns_a,
          glass_columns_a, glass_columns_a
D:3:      layout_basic, gammafunk_temple_overflow_elements
D:4:      layout_rooms, nicolae_overflow_crystal_walls,
          nicolae_ossuary_entry_giza, gammafunk_ghost_cemetery
D:5:      kennysheep_kobold_camp, layout_basic, minmay_misc_feat_rugged,
          uniq_blork_the_orc, uniq_ijyb
D:6:      layout_gridville, gammafunk_ghost_cemetery, minmay_fountain_box,
          nicolae_benzene_ring, minmay_circle_x, uniq_grinder

Skill      XL: |  1  2  3  4  5  6  7  8  9 |
---------------+----------------------------+-----
Axes           | 3 4 5 6 7 9 10 11 | 11.0
Fighting       | 4 5 6 7 8 9 |  9.0
Throwing       | 2 3 |  3.2
Armour         | 5 |  5.5
Shields        | |  3.6

Action                     |  1- 3 |  4- 6 |  7- 9 || total
---------------------------+-------+-------+-------++-------
  Melee: War axe           |    75 |   159 |   193 ||   427
         Headbutt          |     4 |    24 |    29 ||    57
  Throw: Boomerang         |       |     4 |    26 ||    30
    Use: Scroll            |     2 |     5 |    11 ||    18
         Potion            |     1 |     2 |     4 ||     7
 Armour: Scale mail        |    16 |    72 |    66 ||   154
  Dodge: Dodged            |    33 |    51 |    68 ||   152
  Block: Buckler           |    13 |       |       ||    13
         Kite shield       |    11 |    70 |    92 ||   173
